 Dungeon Crawl Stone Soup version 0.28-a0-1143-gcf6077d4cc (webtiles) character file.

Game seed: 10963390974750753727

467 leviel the Skirmisher (level 7, -2/61 HPs)
             Began as a Hill Orc Fighter on Dec 13, 2021.
             Was a Believer of Vehumet.
             Slain by a troll (6 damage)
             ... on level 5 of the Dungeon.
             The game lasted 00:04:33 (3732 turns).

leviel the Skirmisher (Hill Orc Fighter)            Turns: 3732, Time: 00:04:34

Health: -2/61      AC:  7    Str: 21    XL:     7   Next: 8%
Magic:  9/9        EV:  6    Int:  8    God:    Vehumet [**....]
Gold:   131        SH:  4    Dex: 10    Spells: 9/9 levels left

rFire   . . .      SeeInvis .   a - +1 war axe
rCold   + . .      Faith    .   c - +0 buckler
rNeg    . . .      Spirit   .   g - +1 plate armour
rPois   .          Reflect  .   (helmet restricted)
rElec   .          Harm     .   (no cloak)
rCorr   .          Rampage  .   (no gloves)
Will    +....                   (no boots)
Stlth   ..........              (no amulet)
HPRegen 0.20/turn               k - ring of protection from cold
MPRegen 0.11/turn               (no ring)

@: mighty
A: horns 2, deformed body, strong-willed 1
a: Renounce Religion


You were on level 5 of the Dungeon.
You worshipped Vehumet.
Vehumet was pleased with you.
You visited 1 branch of the dungeon, and saw 5 of its levels.

You collected 131 gold pieces.

Inventory:

Hand Weapons
 a - a +1 war axe (weapon)
Armour
 c - a +0 buckler (worn)
 g - a +1 plate armour (worn)
Jewellery
 k - a ring of protection from cold (left hand)
Scrolls
 b - a scroll of brand weapon {unknown}
 f - a scroll of vulnerability
 i - a scroll of identify {@r1}
Potions
 d - 3 potions of curing
 e - a potion of ambrosia
 h - 2 potions of attraction
 j - a potion of might


   Skills:
 + Level 5.5 Fighting
 + Level 5.3 Axes
 - Level 3.9 Armour
 - Level 4.0 Shields
 + Level 1.9 Spellcasting
 + Level 2.0 Transmutations


You had 9 spell levels left.
You didn't know any spells.
Your spell library contained the following spells:

 Spells                   Type           Power      Damage    Failure   Level
 Stone Arrow              Conj/Erth      0%         3d7       100%        3
 Wereblood                Tmut           4%         N/A       99%         2
 Sublimation of Blood     Necr           0%         N/A       100%        2
 Summon Hydra             Summ           0%         N/A       100%        7


Dungeon Overview and Level Annotations

Branches:
Dungeon (5/15)
 Temple: D:4-7

Altars:
Qazlal
Uskayaw
Vehumet


Innate Abilities, Weirdness & Mutations

You have a pair of horns on your head.
Armour fits poorly on your strangely shaped body.
You are strong-willed. (Will+)


Message History

You are no longer poisoned.
You start resting.
HP restored.
Found 25 sling bullets.
There is an open door here.
There is an open door here.
Done exploring.
Done exploring.
Done exploring.
(D) Dungeon
Where to? (Enter - D:4, ? - help)
There is an open door here.
There is a stone staircase leading down here.
You climb downwards.
There is a stone staircase leading up here.
A troll comes into view.
The troll shouts!
A troll is nearby!
You block the troll's attack. The troll claws you! The troll claws you.
You hit the troll.
The troll is lightly wounded.
The troll bites you. The troll claws you. The troll claws you!
You are too injured to fight recklessly!
You are too injured to fight recklessly!
You are too injured to fight recklessly!
You are too injured to fight recklessly!
You are too injured to fight recklessly!
You see here 2 potions of might.
j - 2 potions of might You block the troll's attack.
The troll claws you but does no damage. x2
You feel very mighty all of a sudden. The troll bites you. The troll claws you!
The troll claws you.
You slash the troll! Your headbutt misses the troll.
The troll is moderately wounded.
The troll bites you!
* * * LOW HITPOINT WARNING * * *
The troll claws you.
* * * LOW HITPOINT WARNING * * *
The troll claws you.
You die...

#......# #.#.##.#
.####.#.##.#########
.............<.....#
.####....#.#######.#
#......# ##...###
##T## #@# #.# #+#


You could see a troll.

Vanquished Creatures
  A water moccasin (D:4)
  An ogre (D:4)
  2 howler monkeys (D:4)
  Terence (D:2)
  2 orc wizards (D:4)
  3 adders
  A worm (D:2)
  3 dart slugs
  8 orcs (D:4)
  5 ball pythons
  7 bats
  10 endoplasms
  2 giant cockroaches
  10 goblins
  10 hobgoblins
  6 quokkas
  2 frilled lizards
  3 kobolds
  4 rats
81 creatures vanquished.

Notes
Turn   | Place    | Note
-------+----------+-------------------------------------------
     0 | D:1      | leviel the Hill Orc Fighter began the quest for the Orb.
     0 | D:1      | Reached XP level 1. HP: 19/19 MP: 1/1
   134 | D:1      | Reached XP level 2. HP: 23/27 MP: 2/2
   674 | D:1      | Found a faded altar of an unknown god.
   682 | D:1      | Reached XP level 3. HP: 25/33 MP: 3/3
  1151 | D:1      | Prayed at the altar of an unknown god.
  1151 | D:1      | Became a worshipper of Vehumet
  1151 | D:1      | Reached * piety under Vehumet
  1151 | D:1      | Offered knowledge of Sandblast by Vehumet.
  1162 | D:2      | Noticed Terence
  1171 | D:2      | Killed Terence
  1172 | D:2      | Reached XP level 4. HP: 38/40 MP: 4/4
  1829 | D:3      | Found a stormy altar of Qazlal.
  1956 | D:3      | Found a hide-covered altar of Uskayaw.
  2054 | D:3      | Reached ** piety under Vehumet
  2054 | D:3      | Offered knowledge of Static Discharge by Vehumet.
  2148 | D:3      | Gained mutation: You have a pair of small horns on your
                  | head. [potion of mutation]
  2148 | D:3      | Gained mutation: You are strong-willed. (Will+) [potion of
                  | mutation]
  2148 | D:3      | Gained mutation: Armour fits poorly on your strangely
                  | shaped body. [potion of mutation]
  2148 | D:3      | Gained mutation: You have a pair of horns on your head.
                  | [potion of mutation]
  2552 | D:4      | Reached XP level 5. HP: 47/47 MP: 5/5
  3017 | D:4      | Noticed an ogre
  3021 | D:4      | Reached skill level 1 in Spellcasting
  3021 | D:4      | Reached skill level 1 in Transmutations
  3038 | D:4      | Killed an ogre
  3038 | D:4      | Offered knowledge of Stone Arrow by Vehumet.
  3039 | D:4      | Reached skill level 5 in Fighting
  3039 | D:4      | Reached XP level 6. HP: 49/56 MP: 6/8
  3399 | D:4      | Reached skill level 5 in Axes
  3402 | D:4      | Noticed a water moccasin
  3418 | D:4      | Killed a water moccasin
  3419 | D:4      | Reached XP level 7. HP: 36/61 MP: 9/9
  3713 | D:5      | Entered Level 5 of the Dungeon
  3719 | D:5      | Noticed a troll
  3732 | D:5      | Slain by a troll

Illustrated notes

Levels and vault maps discovered:
D:1:      kilobyte_arrival_exit_the_forest, layout_loops_cross,
          ebering_ecumenical_altar_box, minivault_27
D:2:      layout_loops_ring, minmay_pentomino_w2, uniq_terence
D:3:      layout_loops_ring, mainiacjoe_overflow_boulevard,
          nicolae_uskayaw_suspiria
D:4:      layout_loops_corners, st_stairs_10
D:5:      wad_pebble_path, layout_loops_corners, uniq_pikel

Skill      XL: |  1  2  3  4  5  6 |
---------------+-------------------+-----
Axes           | 3 4 5 |  5.3
Fighting       | 4 5 |  5.5
Shields        | 4 |  4.0
Spellcasting   | 1 |  1.9
Transmutations | 1 2 |  2.0
Armour         | |  3.9

Action                   |  1- 3 |  4- 6 |  7- 9 || total
-------------------------+-------+-------+-------++-------
Melee: War axe           |    59 |   141 |     2 ||   202
       Headbutt          |       |    10 |       ||    10
  Use: Potion            |     1 |     8 |     1 ||    10
       Scroll            |       |     6 |       ||     6
Armor: Scale mail        |     8 |       |       ||     8
       Plate armour      |    22 |    91 |     2 ||   115
Dodge: Dodged            |    15 |    39 |       ||    54
Block: Buckler           |    11 |    27 |     2 ||    40

Table legend: (Time is in decaauts)
 A = Elapsed time spent in this place.
 B = Non-inter-level travel time spent in this place.
 C = Inter-level travel time spent in this place.
 D = Time resting spent in this place.
 E = Time spent auto-exploring this place.
 F = Levels seen in this place.
 G = Mean time per level.
                   A        B        C        D        E       F      G
               +--------+--------+--------+--------+--------+-----+--------+
         Total |   3801 |   3611 |    190 |    299 |   2767 |   5 |  760.2 |
       Dungeon |   3801 |   3611 |    190 |    299 |   2767 |   5 |  760.2 |
               +--------+--------+--------+--------+--------+-----+--------+

Top non-repeatable levels by time:
     D:4: 1198 daAuts
     D:1: 1181 daAuts
     D:3: 793 daAuts
     D:2: 608 daAuts
     D:5: 19 daAuts
